 Dungeon Crawl Stone Soup version 0.29-a0-520-gc852659d43 (webtiles) character file.

Game seed: 393251071647841479

102 Bruhh the Grave Robber (level 4, -3/39 HPs)
             Began as an Ogre Necromancer on May 31, 2022.
             Slain by an orc wizard
             ... wielding a +0 quarterstaff
              (7 damage)
             ... on level 3 of the Dungeon.
             The game lasted 00:03:22 (3208 turns).

Bruhh the Grave Robber (Ogre Necromancer)           Turns: 3208, Time: 00:03:23

Health: -3/39      AC:  3    Str: 12    XL:     4   Next: 77%
Magic:  5/10       EV:  9    Int: 18    God:
Gold:   141        SH:  0    Dex:  9    Spells: 3/11 levels left

rFire   . . .      SeeInvis .   n - +0 trident
rCold   . . .      Faith    .   (no shield)
rNeg    . . .      Spirit   .   a - +0 robe
rPois   .          Reflect  .   (helmet restricted)
rElec   .          Harm     .   (no cloak)
rCorr   .          Rampage  .   (gloves unavailable)
Will    .....                   (boots unavailable)
Stlth   +.........              (no amulet)
HPRegen 0.13/turn               (no ring)
MPRegen 0.12/turn               (no ring)

@: mighty
A: large, unfitting armour, tough skin 1
a: no special abilities


You were on level 3 of the Dungeon.
You visited 1 branch of the dungeon, and saw 3 of its levels.

You collected 141 gold pieces.

Inventory:

Hand Weapons
 d - a +0 club
 n - a +0 trident (weapon)
Armour
 a - a +0 robe (worn)
 m - a +0 kite shield
Wands
 q - a wand of flame (25)
 r - a wand of mindburst (6)
Scrolls
 c - 3 scrolls of identify {unknown}
 f - a scroll of enchant armour {unknown}
 g - 9 scrolls of teleportation {unknown}
 h - a scroll of enchant weapon {unknown}
 i - a scroll of acquirement {unknown}
 j - 2 scrolls of vulnerability {unknown}
 k - a scroll of fear {unknown}
 l - a scroll of amnesia {unknown}
 o - a scroll of magic mapping {unknown}
Potions
 b - a potion of magic
 e - 4 potions of brilliance
 p - 2 potions of haste


   Skills:
 - Level 1.7 Dodging
 - Level 1.4 Stealth
 + Level 4.1 Spellcasting
 + Level 4.6 Necromancy


You had 3 spell levels left.
You knew the following spells:

 Your Spells              Type           Power      Damage    Failure   Level
a - Necrotize             Necr           80%        1d8       2%          1
b - Vampiric Draining     Necr           20%        2d7       6%          3
c - Animate Dead          Necr           20%        N/A       22%         4

Your spell library contained the following spells:

 Spells                   Type           Power      Damage    Failure   Level
 Agony                    Necr           20%        N/A       52%         5


Dungeon Overview and Level Annotations

Branches:
Dungeon (3/15)

Altars:

Shops:
D:2 ?


Innate Abilities, Weirdness & Mutations

You are too large for most types of armour.
You have tough skin. (AC +1)


Message History

You closely miss something.
You hear some strange, mumbled words.
You are confused.
Something hits you.
You're too confused to cast spells.
Unknown command.
Okay, then.
It was a potion of might.
You feel very mighty all of a sudden. Something hits you.
Something hits you but does no damage.
You bump into the stone wall.
Something hits you.
You bump into the stone wall.
You feel less confused. Something hits you. Something hits you.
You completely miss something.
You hear some strange, mumbled words.
A puff of flame appears from out of thin air!
The puff of flame hits you!
* * * LOW HITPOINT WARNING * * *
Casting: Necrotize (safe; 2% risk of failure)
Confirm with . or Enter, or press ? or * to list all spells.
Aiming: Necrotize (safe; 2% risk of failure)
Press: ? - help, Shift-Dir - straight line Nothing appears to happen.
Something hits you but does no damage.
Unknown command.
Casting: Necrotize (safe; 2% risk of failure)
Confirm with . or Enter, or press ? or * to list all spells.
Aiming: Necrotize (safe; 2% risk of failure)
Press: ? - help, Shift-Dir - straight line Nothing appears to happen.
Something hits you.
* * * LOW HITPOINT WARNING * * *
Unknown command.
Casting: Necrotize (safe; 2% risk of failure)
Confirm with . or Enter, or press ? or * to list all spells.
Aiming: Necrotize (safe; 2% risk of failure)
Press: ? - help, Shift-Dir - straight line Something writhes in agony.
Something hits you!
You die...

...........##.# #.#..
#####......##÷# #.#.# #.
#########.# #.#.# #.8
#.#####.#.. #...
###.....#.###
##..§#######§§.....#....
....§§§§§§§§§§.....#####
...#§§§{§§§§§§.....#
....§§§@§§§§§§.....#
##..§#######§......# #..
#.....####....# #.
#........#....# #
#........##.###
###........##.#
#.........).#.##
#.........#.#..#
#####.........#.##.#


There were no monsters in sight!

Vanquished Creatures
  4 adders
  A worm (D:2)
  2 dart slugs (D:1)
  5 orcs (D:3)
  3 ball pythons
  5 endoplasms
  5 giant cockroaches
  5 goblins
  6 hobgoblins
  2 jackals (D:2)
  A quokka (D:1)
  5 bats
  2 kobolds (D:1)
  4 rats
50 creatures vanquished.

Vanquished Creatures (collateral kills)
  A giant cockroach (D:1)
1 creature vanquished.

Vanquished Creatures (others)
  A butterfly (D:3)
  2 plants (D:3)
3 creatures vanquished.

Grand Total: 54 creatures vanquished

Notes
Turn   | Place    | Note
-------+----------+-------------------------------------------
     0 | D:1      | Bruhh the Ogre Necromancer began the quest for the Orb.
     0 | D:1      | Reached XP level 1. HP: 16/16 MP: 3/3
   383 | D:1      | Found a faded altar of an unknown god.
   537 | D:1      | Reached XP level 2. HP: 19/24 MP: 3/5
   954 | D:1      | Reached XP level 3. HP: 28/31 MP: 4/7
  1475 | D:2      | Found Awkyzyg's Magic Scroll Boutique.
  2123 | D:2      | Reached XP level 4. HP: 39/39 MP: 6/9
  2135 | D:2      | Learned a level 3 spell: Vampiric Draining
  2715 | D:3      | Learned a level 4 spell: Animate Dead
  3208 | D:3      | Slain by an orc wizard

Illustrated notes

Levels and vault maps discovered:
D:1:      nagdon_arrival_double_spiral, layout_loops_ring,
          ebering_ecumenical_altar_mist
D:2:      layout_basic, serial_shops, nicolae_shop_hallway_stairs,
          dk_noncrumbling_3
D:3:      layout_basic, beargit_hepliaklqana_dungeon_heroes,
          nicolae_elyvilon_peaceful_grove, serial_bayou_lake_a

Skill      XL: |  1  2  3  4 |
---------------+-------------+-----
Spellcasting   | 3 4 |  4.1
Necromancy     | 4 |  4.6
Dodging        | |  1.7
Stealth        | |  1.4

Action                   |  1- 3 |  4- 6 || total
-------------------------+-------+-------++-------
Melee: Unarmed           |    16 |       ||    16
       Club              |    19 |       ||    19
       Trident           |     1 |    23 ||    24
 Cast: Necrotize         |    49 |    42 ||    91
  Use: Potion            |       |     4 ||     4
 Stab: Sleeping          |     1 |     2 ||     3
       Distracted        |     1 |       ||     1
Armor: Robe              |    14 |    13 ||    27
       Skin              |       |     3 ||     3
Dodge: Dodged            |    23 |    15 ||    38

Table legend: (Time is in decaauts)
 A = Elapsed time spent in this place.
 B = Non-inter-level travel time spent in this place.
 C = Inter-level travel time spent in this place.
 D = Time resting spent in this place.
 E = Time spent auto-exploring this place.
 F = Levels seen in this place.
 G = Mean time per level.
                   A        B        C        D        E       F      G
               +--------+--------+--------+--------+--------+-----+--------+
         Total |   3246 |   3099 |    147 |      0 |   2719 |   3 | 1082.0 |
       Dungeon |   3246 |   3099 |    147 |      0 |   2719 |   3 | 1082.0 |
               +--------+--------+--------+--------+--------+-----+--------+

Top non-repeatable levels by time:
     D:1: 1453 daAuts
     D:2: 920 daAuts
     D:3: 873 daAuts
